 Dungeon Crawl Stone Soup version 0.30.1-9-gdf580d7c3d (webtiles) character file.

Game seed: 5952576393167065

194 bearlyready the Cudgeller (level 5, -3/43 HPs)
             Began as a Gnoll Reaver on Oct 11, 2023.
             Was an Initiate of Cheibriados.
             Slain by Crazy Yiuf
             ... wielding a +2 quarterstaff of chaos
              (13 damage)
             ... on level 4 of the Dungeon.
             The game lasted 00:03:36 (4189 turns).

bearlyready the Cudgeller (Gnoll Reaver)            Turns: 4189, Time: 00:03:36

Health: -3/43      AC:  4    Str: 14    XL:     5   Next: 73%
Magic:  12/12      EV: 13    Int: 14    God:    Cheibriados [......]
Gold:   236        SH:  0    Dex: 11    Spells: 13/14 levels left

rFire   . . .        a - +0 mace
rCold   . . .        y - orb {*channel}
rNeg    . . .        b - +0 leather armour
rPois   .            (no helmet)
rElec   .            (no cloak)
rCorr   .            (no gloves)
SInv    .            i - +0 pair of boots
Will    .....        (no amulet)
Stlth   +            (no ring)
HPRegen 0.27/turn    (no ring)
MPRegen 0.13/turn

%: channel magic (20%)
@: very slow
A: fangs 1, strong nose, distributed training
a: Renounce Religion


You were on level 4 of the Dungeon.
You worshipped Cheibriados.
Cheibriados was noncommittal.
You visited 2 branches of the dungeon, and saw 5 of its levels.

You collected 236 gold pieces.

Inventory:

Hand Weapons
 a - a +0 mace (weapon)
Missiles
 l - 5 javelins
 s - 11 poisoned darts
 u - 3 boomerangs
 w - 4 boomerangs of dispersal
Armour
 b - a +0 leather armour (worn)
 i - a +0 pair of boots (worn)
 y - an orb of energy (worn)
Scrolls
 d - 3 scrolls of teleportation {unknown}
 e - a scroll of enchant armour {unknown}
 g - 2 scrolls of acquirement {unknown}
 h - a scroll of noise {unknown}
 j - 5 scrolls of identify {unknown}
 n - a scroll of amnesia {unknown}
 o - a scroll of fear {unknown}
 t - a scroll of enchant weapon {unknown}
 v - a scroll of immolation {unknown}
 x - a scroll of summoning {unknown}
Potions
 c - a potion of invisibility {unknown}
 f - 2 potions of brilliance {unknown}
 k - a potion of mutation {unknown}
 m - 2 potions of attraction {unknown}
 p - a potion of might {unknown}
 q - a potion of flight {unknown}
 r - a potion of degeneration {unknown}


   Skills:
 + Level 4.9 Fighting
 + Level 1.7 Short Blades
 + Level 1.7 Long Blades
 + Level 1.7 Axes
 + Level 6.7 Maces & Flails
 + Level 1.7 Polearms
 + Level 1.7 Staves
 + Level 1.7 Ranged Weapons
 + Level 1.7 Throwing
 + Level 1.7 Armour
 + Level 4.9 Dodging
 + Level 1.7 Stealth
 + Level 1.7 Shields
 + Level 1.7 Unarmed Combat
 + Level 5.2 Spellcasting
 + Level 5.6 Conjurations
 + Level 1.3 Hexes
 + Level 1.3 Summonings
 + Level 1.3 Necromancy
 + Level 1.3 Translocations
 + Level 1.3 Transmutations
 + Level 1.3 Fire Magic
 + Level 1.3 Ice Magic
 + Level 1.3 Air Magic
 + Level 1.3 Earth Magic
 + Level 1.3 Poison Magic
 + Level 1.9 Invocations
 + Level 1.7 Evocations


You had 13 spell levels left.
You knew the following spells:

 Your Spells              Type           Power      Damage    Failure   Level
a - Kiss of Death         Conj/Necr      52%        2d9       14%         1

Your spell library contained the following spells:

 Spells                   Type           Power      Damage    Failure   Level
 Momentum Strike          Conj/Tloc      26%        3d8       21%         2
 Sandblast                Erth           14%        2d6       28%         1
 Hailstorm                Conj/Ice       13%        3d5       34%         3
 Stone Arrow              Conj/Erth      26%        3d8       34%         3
 Passwall                 Tmut/Erth      5%         N/A       38%         2


Dungeon Overview and Level Annotations

Branches:
Dungeon (4/15)             Temple (1/1) D:4

Altars:
Cheibriados
Hepliaklqana
Nemelex Xobeh
Okawaru
Trog
Vehumet
Xom
Zin

Shops:
D:4 :

Annotations:
D:4 2 runed translucent doors, Crazy Yiuf; deremet's ghost, weakling GnDe


Innate Abilities, Weirdness & Mutations

You have very sharp teeth.
Your uncanny sense of smell can sniff out nearby items.
Your experience applies equally to all skills.


Message History

Moving in this stuff is going to be slow.
You enter the shallow water.
Moving in this stuff is going to be slow.
You enter the shallow water.
Moving in this stuff is going to be slow.
You enter the shallow water.
Moving in this stuff is going to be slow.
Deremet's ghost turns its malevolent gaze towards you.
Deremet's ghost ripples.
Crazy Yiuf shouts!
Crazy Yiuf yells, "Gum cower Orb Guardian!"
Okay, then.
Okay, then.
You see here a +0 hammer.
Crazy Yiuf cries, "Sif Muna Orb Guardian sizzlefizz!"
You start putting on your armour.
You continue putting on your orb of energy. x4
You finish putting on your orb of energy.
Okay, then.
You open the door.
Crazy Yiuf yells, "Buddy ladder high!"
You barely miss Crazy Yiuf.
Crazy Yiuf grits, "Blight green toodlewoodle!"
Crazy Yiuf barely misses you.
You hit Crazy Yiuf. You bite Crazy Yiuf, but do no damage.
Crazy Yiuf is moderately wounded.
Crazy Yiuf hits you with a +2 quarterstaff of chaos!
Crazy Yiuf burns you!
You hit Crazy Yiuf. You bite Crazy Yiuf.
Crazy Yiuf is heavily wounded.
Crazy Yiuf hits you with a +2 quarterstaff of chaos.
Crazy Yiuf draws strength from your wounds!
You hit Crazy Yiuf.
Crazy Yiuf is heavily wounded.
Crazy Yiuf hits you with a +2 quarterstaff of chaos.
* * * LOW HITPOINT WARNING * * *
Crazy Yiuf burns you.
* * * LOW HITPOINT WARNING * * *
Crazy Yiuf hits you with a +2 quarterstaff of chaos!
You die...

##...#### ### #
##..### ##.## #
#..## ##...###
#.## #.......
##.# #....###
#..# ###.......
#.###♣♣ ###
#...#.....
#..#..♣♣ ♣♣#.))#
#...#####.
#......♣♣♣♣@g)..#
#######...
##......♣.)♣#...#
#.......
###...♣.♣♣♣ ###
#....... ##♣♣♣♣♣
#....... ########


You could see Crazy Yiuf.

Vanquished Creatures
  A hound (D:4)
  An iguana (D:4)
  A sleepcap (D:4)
  2 adders
  6 worms
  3 dart slugs
  2 orcs
  4 ball pythons
  A bat (D:3)
  5 endoplasms
  2 giant cockroaches
  9 goblins
  9 hobgoblins
  2 quokkas
  7 frilled lizards
  5 kobolds
  4 rats
64 creatures vanquished.

Notes
Turn   | Place    | Note
-------+----------+-------------------------------------------
     0 | D:1      | bearlyready the Gnoll Reaver began the quest for the Orb.
     0 | D:1      | Reached XP level 1. HP: 20/20 MP: 6/6
   116 | D:1      | Reached XP level 2. HP: 20/26 MP: 7/7
   628 | D:1      | Reached skill level 5 in Spellcasting
   628 | D:1      | Reached XP level 3. HP: 28/31 MP: 7/9
  1155 | D:1      | Reached skill level 1 in Invocations
  1401 | D:2      | Reached skill level 1 in Short Blades
  1401 | D:2      | Reached skill level 1 in Long Blades
  1401 | D:2      | Reached skill level 1 in Axes
  1401 | D:2      | Reached skill level 1 in Polearms
  1401 | D:2      | Reached skill level 1 in Staves
  1401 | D:2      | Reached skill level 1 in Ranged Weapons
  1401 | D:2      | Reached skill level 1 in Throwing
  1401 | D:2      | Reached skill level 1 in Armour
  1401 | D:2      | Reached skill level 1 in Stealth
  1401 | D:2      | Reached skill level 1 in Shields
  1401 | D:2      | Reached skill level 1 in Unarmed Combat
  1401 | D:2      | Reached skill level 1 in Evocations
  1681 | D:2      | Reached XP level 4. HP: 27/38 MP: 11/11
  1777 | D:2      | Found a sparkling altar of Nemelex Xobeh.
  2524 | D:3      | Reached skill level 1 in Hexes
  2524 | D:3      | Reached skill level 1 in Summonings
  2524 | D:3      | Reached skill level 1 in Necromancy
  2524 | D:3      | Reached skill level 1 in Translocations
  2524 | D:3      | Reached skill level 1 in Transmutations
  2524 | D:3      | Reached skill level 1 in Fire Magic
  2524 | D:3      | Reached skill level 1 in Ice Magic
  2524 | D:3      | Reached skill level 1 in Air Magic
  2524 | D:3      | Reached skill level 1 in Earth Magic
  2524 | D:3      | Reached skill level 1 in Poison Magic
  3084 | D:4      | Reached XP level 5. HP: 35/42 MP: 12/12
  3162 | D:4      | Found a large runed translucent door.
  3162 | D:4      | Found a large runed translucent door.
  3516 | D:4      | Noticed deremet's ghost (weakling GnDe)
  3669 | D:4      | Found Etopror's Book Shoppe.
  3711 | D:4      | Found a runed translucent door.
  3712 | D:4      | Noticed Crazy Yiuf
  3757 | D:4      | Found a staircase to the Ecumenical Temple.
  3869 | Temple   | Entered the Ecumenical Temple
  3968 | Temple   | Became a worshipper of Cheibriados the Contemplative
  4189 | D:4      | Slain by Crazy Yiuf

Illustrated notes

Levels and vault maps discovered:
D:1:      dpeg_arrival_morbid_curiosity, layout_basic, st_stairs_3
D:2:      layout_loops_ring, basic_altar
D:3:      layout_loops_corners, minmay_splitting_lines, nicolae_wormholes
D:4:      layout_rooms, minmay_temple_entry_fiery, ebering_ghost_disaster_area,
          serial_shops, nicolae_shop_advertising_works
          [nicolae_subvault_shop_adworks], serial_bayou_crossing,
          uniq_crazy_yiuf_cottage
Temple:   mainiacjoe_temple_cubbyholes

Skill      XL: |  1  2  3  4 |
---------------+-------------+-----
Spellcasting   | 5 |  5.2
Invocations    | 1 |  1.9
Short Blades   | 1 |  1.7
Long Blades    | 1 |  1.7
Axes           | 1 |  1.7
Polearms       | 1 |  1.7
Staves         | 1 |  1.7
Ranged Weapons | 1 |  1.7
Throwing       | 1 |  1.7
Armour         | 1 |  1.7
Stealth        | 1 |  1.7
Shields        | 1 |  1.7
Unarmed Combat | 1 |  1.7
Evocations     | 1 |  1.7
Hexes          | 1 |  1.3
Summonings     | 1 |  1.3
Necromancy     | 1 |  1.3
Translocations | 1 |  1.3
Transmutations | 1 |  1.3
Fire Magic     | 1 |  1.3
Ice Magic      | 1 |  1.3
Air Magic      | 1 |  1.3
Earth Magic    | 1 |  1.3
Poison Magic   | 1 |  1.3
Fighting       | |  4.9
Maces & Flails | |  6.7
Dodging        | |  4.9
Conjurations   | |  5.6

Action                     |  1- 3 |  4- 6 || total
---------------------------+-------+-------++-------
  Melee: Mace              |   103 |   131 ||   234
         Bite              |     9 |    14 ||    23
         Punch             |       |     2 ||     2
   Cast: Kiss of Death     |       |     1 ||     1
   Stab: Sleeping          |     2 |     1 ||     3
 Armour: Leather armour    |    19 |    22 ||    41
  Dodge: Dodged            |    45 |    73 ||   118
